 Dungeon Crawl Stone Soup version 0.25-a0-100-g33052ceff8 (webtiles) character file.

Game seed: 16671334929518600168, levelgen mode: deterministic

494 Eurus the Digger (level 7, 0/41 HPs)
             Began as a Gargoyle Earth Elementalist on Nov 14, 2019.
             Was a Follower of Vehumet.
             Slain by an ogre
             ... wielding a +0 giant club
              (11 damage)
             ... on level 5 of the Dungeon.
             The game lasted 00:13:48 (4835 turns).

Eurus the Digger (Gargoyle Earth Elementalist)      Turns: 4835, Time: 00:13:49

Health: 0/41       AC:  8    Str: 11    XL:     7   Next: 15%
Magic:  9/12       EV: 12    Int: 18    God:    Vehumet [*.....]
Gold:   210        SH:  0    Dex: 10    Spells: 7/12 levels left

rFire    . . .     SeeInvis .   x - +0 morningstar
rCold    . . .     Gourm    .   (no shield)
rNeg     + . .     Faith    .   c - +0 robe
rPois    ∞         Spirit   .   (no helmet)
rElec    +         Reflect  .   (no cloak)
rCorr    .         Harm     .   (no gloves)
MR       .....                  u - +0 pair of boots
Stlth    ++........             (no amulet)
HPRegen  0.13/turn              (no ring)
MPRegen  0.13/turn              (no ring)

@: no status effects
A: negative energy resistance 1, electricity resistance, unbreathing,
petrification resistance, rot immunity, AC +4
a: Renounce Religion


You were on level 5 of the Dungeon.
You worshipped Vehumet.
Vehumet was aware of your devotion.
You were very hungry.

You visited 1 branch of the dungeon, and saw 5 of its levels.

You collected 210 gold pieces.

Inventory:

Hand Weapons
 x - a +0 morningstar (weapon)
Missiles
 b - 119 stones (quivered)
Armour
 a - a +0 leather armour
 c - a +0 robe (worn)
 o - a +0 robe
 u - a +0 pair of boots (worn)
Jewellery
 s - a cursed ring of magical power {unknown}
 z - an uncursed ring of protection from fire
Wands
 m - a wand of random effects (19)
Scrolls
 f - a scroll of identify {unknown}
 h - 3 scrolls of teleportation {unknown}
 i - 8 scrolls of remove curse {unknown}
 j - a scroll of immolation {unknown}
 l - a scroll of enchant armour {unknown}
 p - 2 scrolls of amnesia {unknown}
 q - a scroll of random uselessness {unknown}
 y - a scroll of enchant weapon {unknown}
Potions
 e - a potion of curing {unknown}
 g - 2 potions of agility {unknown}
 k - a potion of degeneration {unknown}
 n - 3 potions of magic {unknown}
 r - 3 potions of brilliance {unknown}
 t - a potion of flight {unknown}
 v - a potion of heal wounds {unknown}
Comestibles
 d - 5 rations


   Skills:
 + Level 3.1 Fighting
 + Level 2.7 Maces & Flails
 + Level 2.4 Armour
 - Level 1.5 Dodging
 - Level 2.1 Stealth
 + Level 3.4 Spellcasting
 + Level 2.6 Conjurations
   Level 0.7 Transmutations
 + Level 5.1 Earth Magic


You had 7 spell levels left.
You knew the following spells:

 Your Spells              Type           Power        Failure   Level  Hunger
a - Sandblast             Erth           ###...       1%          1    None
b - Stone Arrow           Conj/Erth      ###...       10%         3    ###....
c - Magic Dart            Conj           ##..         5%          1    None

Your spell library contained the following spells:

 Spells                   Type           Power        Failure   Level  Hunger
 Passwall                 Tmut/Erth      ##......     7%          2    ##.....
 Petrify                  Tmut/Erth      ##......     43%         4    ####...
 Lee's Rapid Deconstruct  Erth           ###.......   45%         5    ######.


Dungeon Overview and Level Annotations

Branches:
Dungeon (5/15)             Temple (0/1) D:5

Altars:
Gozag
Vehumet

Shops:
D:4 }

Annotations:
D:4 3 runed translucent doors, exclusion: 3 doors, anet's ghost, amateur DEWz
D:5 exclusion: sky beast


Innate Abilities, Weirdness & Mutations

You are resistant to torment.
Your stone body is resilient. (AC +4)
You are immune to poison.
You resist negative energy. (rN+)
You are resistant to electric shocks. (rElec)
You can survive without breathing.
You are immune to petrification.
You are immune to rotting.


Message History

Casting: Sandblast (safe; 1% risk of failure)
Confirm with . or Enter, or press ? or * to list all spells.
Aiming: Sandblast (safe; 1% risk of failure)
Press: ? - help, Shift-Dir - straight line, f - ogre
Aim: an ogre, wielding a +0 giant club The blast of sand hits the ogre!
The ogre is heavily wounded.
b - 120 stones The ogre hits you with a +0 giant club!
* * * LOW HITPOINT WARNING * * *
Casting: Sandblast (safe; 1% risk of failure)
Confirm with . or Enter, or press ? or * to list all spells.
Aiming: Sandblast (safe; 1% risk of failure)
Press: ? - help, Shift-Dir - straight line, f/p - ogre
Aim: an ogre, wielding a +0 giant club (heavily wounded)
The blast of sand hits the ogre.
The ogre is almost dead.
b - 119 stones The ogre hits you with a +0 giant club!
You die...

... ##.##....###......## ..#
#.........⌠.....#.# ..#
###############.........### ..#
#........<......⌠.>.⌠.....# ..#
#.#########.##..........#(# #.#
#.# #.......⌠.....#.# #.# #.#
########..#..##.# #.#
#.###########.......#..(..## #.#
#.#........@...........##... #.#
#.#.#.....O##.####....)##.## #.#
#.#.#.####.#................
#.####.#.#.####.########.#####.##
#....................# #.#.# #.#
#.####.#.#.####.####.#####.###.#
#.# #................#.....##.#
### ####.#.####.####..#.##.###.#
#....#.#............##.# #.#


You could see an ogre.

Vanquished Creatures
  An ogre (D:5)
  A centaur (D:5)
  2 crimson imps (D:5)
  Jessica (D:2)
  3 worker ants
  2 adders
  4 gnolls (D:5)
  An ooze (D:5)
  3 worms (D:2)
  A dart slug (D:1)
  A leopard gecko (D:1)
  7 orcs
  7 bats
  4 giant cockroaches
  4 goblins
  7 hobgoblins
  9 jackals
  3 quokkas
  3 ball pythons
  3 frilled lizards
  A giant cockroach zombie (D:5)
  8 kobolds
  A leopard gecko skeleton (D:4)
  A quokka skeleton (D:2)
  11 rats
89 creatures vanquished.

Notes
Turn   | Place    | Note
-------+----------+-------------------------------------------
     0 | D:1      | Eurus the Gargoyle Earth Elementalist began the quest for
                  | the Orb.
     0 | D:1      | Reached XP level 1. HP: 10/10 MP: 3/3
   155 | D:1      | Reached XP level 2. HP: 13/16 MP: 3/5
   309 | D:1      | Reached skill level 1 in Fighting
   844 | D:1      | Reached skill level 1 in Maces & Flails
   844 | D:1      | Reached skill level 4 in Earth Magic
   876 | D:1      | Reached XP level 3. HP: 20/20 MP: 4/6
  1521 | D:2      | Reached XP level 4. HP: 24/26 MP: 5/7
  1558 | D:2      | Learned a level 3 spell: Stone Arrow
  1637 | D:2      | Noticed Jessica
  1681 | D:2      | Killed Jessica
  1717 | D:2      | Found a radiant altar of Vehumet.
  1725 | D:2      | Became a worshipper of Vehumet
  2286 | D:3      | Reached skill level 1 in Conjurations
  2696 | D:3      | Reached XP level 5. HP: 23/30 MP: 6/9
  2939 | D:4      | Reached skill level 1 in Armour
  3069 | D:4      | Found a runed translucent gate.
  3069 | D:4      | Found a runed translucent gate.
  3069 | D:4      | Found a runed translucent gate.
  3071 | D:4      | Found an opulent altar of Gozag.
  3095 | D:4      | Found Vagoj's Gadget Shoppe.
  3233 | D:4      | Noticed anet's ghost (amateur DEWz)
  3445 | D:5      | Entered Level 5 of the Dungeon
  3514 | D:5      | Noticed a centaur
  3669 | D:5      | Noticed a sky beast
  3774 | D:5      | Noticed an ogre
  3843 | D:5      | Reached XP level 6. HP: 30/36 MP: 10/10
  4293 | D:5      | Reached * piety under Vehumet
  4293 | D:5      | Offered knowledge of Magic Dart by Vehumet.
  4311 | D:5      | Learned a level 1 spell: Magic Dart
  4340 | D:5      | Found a staircase to the Ecumenical Temple.
  4369 | D:5      | Reached skill level 5 in Earth Magic
  4820 | D:5      | Reached XP level 7. HP: 24/41 MP: 9/12
  4835 | D:5      | Slain by an ogre

Levels and vault maps discovered:
D:1:      dpeg_arrival_stone_temple_mockup, layout_basic
D:2:      layout_basic, overflow_temple_1_default,
          hangedman_abyss_or_decor_lesser_grid, uniq_jessica
D:3:      layout_basic
D:4:      minmay_general_purpose_star, layout_cave_pools, serial_shops,
          nicolae_shop_crystal, ebering_ghost_gozag
D:5:      layout_basic, temple_fountains, first_ration

Skill      XL: |  1  2  3  4  5  6 |
---------------+-------------------+-----
Fighting       | 1 2 3 |  3.1
Maces & Flails | 1 2 |  2.7
Earth Magic    | 4 5 |  5.1
Conjurations   | 1 2 |  2.6
Armour         | 1 2 |  2.4
Spellcasting   | 3 |  3.4
Dodging        | |  1.5
Stealth        | |  2.1
Transmutations | |  0.7

Action                   |  1- 3 |  4- 6 |  7- 9 || total
-------------------------+-------+-------+-------++-------
Melee: Whip              |    14 |       |       ||    14
       Club              |    35 |       |       ||    35
       Unarmed           |     1 |       |       ||     1
       Mace              |    32 |    53 |       ||    85
       Morningstar       |       |    71 |       ||    71
Throw: Stone             |     5 |     2 |       ||     7
 Cast: Sandblast         |    43 |    50 |     3 ||    96
 Stab: Sleeping          |       |     1 |       ||     1
  Eat: Chunk             |     2 |    10 |       ||    12
Armor: Robe              |    47 |    64 |       ||   111
Dodge: Dodged            |    88 |    91 |       ||   179

Table legend:
 A = Non-vault XP
 B = Vault XP
 C = Vault XP percentage of total XP
 D = Non-vault monster count
 E = Vault monster count
 F = Vault count percentage of total count
                 A         B        C        D         E       F
            +---------+---------+-------+---------+---------+-------
      Total |     635 |      71 |  10.1 |      86 |       3 |   3.4
            +---------+---------+-------+---------+---------+-------
        D:1 |      41 |       0 |   0.0 |      24 |       0 |   0.0
        D:2 |      68 |      37 |  35.2 |      29 |       1 |   3.3
        D:3 |      24 |       0 |   0.0 |       8 |       0 |   0.0
        D:4 |      49 |      34 |  41.0 |       9 |       2 |  18.2
        D:5 |     453 |       0 |   0.0 |      16 |       0 |   0.0
            +---------+---------+-------+---------+---------+-------
